 Dungeon Crawl Stone Soup version 0.27.1-33-g824d729ab1 (webtiles) character file.

Game seed: 7992043777433107541

2053 boopmooplesden the Carver (level 9, -9/78 HPs)
             Began as a Minotaur Fighter on Dec 22, 2021.
             Was an Initiate of Hepliaklqana.
             Succumbed to a gnoll's poison
             ... on level 5 of the Dungeon.
             The game lasted 00:08:14 (5288 turns).

boopmooplesden the Carver (Minotaur Fighter)        Turns: 5288, Time: 00:08:15

Health: -9/78      AC: 14    Str: 23    XL:     9   Next: 4%
Magic:  8/8        EV: 10    Int:  6    God:    Hepliaklqana [......]
Gold:   212        SH: 10    Dex: 10    Spells: 8/8 levels left

rFire    . . .     SeeInvis .   a - +2 long sword (vamp)
rCold    + + .     Faith    .   d - +0 buckler of Wisdom {rElec rF+}
rNeg     + . .     Spirit   .   r - +1 ice dragon scales
rPois    .         Reflect  +   (helmet restricted)
rElec    +         Harm     .   n - +0 cloak
rCorr    .         Rampage  .   (no gloves)
Will     .....                  (no boots)
Stlth    ..........             m - amulet of reflection
HPRegen  0.23/turn              u - ring of positive energy
MPRegen  0.11/turn              (no ring)

@: lethally poisoned (-9 -> -60), hasted, very quick
A: horns 2, retaliatory headbutt
a: Renounce Religion


You were on level 5 of the Dungeon.
You worshipped Hepliaklqana.
Hepliaklqana was noncommittal.
You visited 2 branches of the dungeon, and saw 6 of its levels.
You also visited: Sewer.

You collected 212 gold pieces.

Inventory:

Hand Weapons
 a - a +2 vampiric long sword (weapon)
Missiles
 i - 8 javelins (quivered)
Armour
 b - a +0 scale mail
 c - a +1 kite shield
 d - the +0 buckler of Wisdom (worn) {rElec rF+}
   (You acquired it on level 4 of the Dungeon)

   rF:        It protects you from fire.
   rElec:     It insulates you from electricity.
 n - a +0 cloak (worn)
 r - +1 ice dragon scales (worn)
Jewellery
 e - an amulet of faith
 l - a ring of ice
 m - an amulet of reflection (around neck)
 u - a ring of positive energy (left hand)
Wands
 g - a wand of paralysis (8)
 s - a wand of acid (6)
Scrolls
 j - a scroll of enchant weapon
 k - a scroll of teleportation
 p - 2 scrolls of identify
 t - a scroll of fog
Potions
 f - 2 potions of attraction
 h - a potion of haste


   Skills:
 + Level 6.5 Fighting
 + Level 9.0 Long Blades
 + Level 7.6 Armour
 + Level 3.5 Dodging
 + Level 0.5 Stealth
 + Level 6.8 Shields


You had 8 spell levels left.
You didn't know any spells.
Your spell library contained the following spells:

 Spells                   Type           Power      Damage    Failure   Level
 Corona                   Hex            0%         N/A       80%         1
 Summon Small Mammal      Summ           0%         N/A       80%         1
 Ensorcelled Hibernation  Hex/Ice        0%         N/A       90%         2
 Call Canine Familiar     Summ           0%         N/A       99%         3
 Gell's Gravitas          Tloc           0%         N/A       99%         3
 Summon Guardian Golem    Hex/Summ       0%         N/A       99%         3
 Teleport Other           Tloc           0%         N/A       99%         3
 Tukima's Dance           Hex            0%         N/A       99%         3
 Dispersal                Tloc           0%         N/A       100%        6


Dungeon Overview and Level Annotations

Branches:
Dungeon (5/15)             Temple (1/1) D:4           Sewer (visited)

Altars:
Ashenzari
Dithmenos
Elyvilon
Fedhas
Hepliaklqana
Makhleb
Zin


Innate Abilities, Weirdness & Mutations

You have a pair of horns on your head.
You reflexively headbutt those who attack you in melee.


Message History

You are more poisoned.
The gnoll zaps a wand.
You easily resist.
The gnoll struggles against the net.
You block the gnoll's attack.
The gnoll sergeant hits you with a +0 trident.
You hit the gnoll.
You feel better.
The gnoll is severely wounded.
You feel very sick. You block the gnoll's attack. The gnoll barely misses you.
You riposte.
You hit the gnoll.
The gnoll is moderately wounded.
You block the gnoll's attack.
The gnoll sergeant hits you from afar with the +8 trident "Fedufor" {venom, rF+ rC+ Will+ Str+3 Stlth-}!!
You block the gnoll sergeant's attack.
You closely miss the gnoll. You headbutt the gnoll.
You kill the gnoll!
You feel very sick.
The gnoll sergeant hits you with a +0 trident.
You block the gnoll's attack. The gnoll closely misses you.
The gnoll hits you but does no damage.
The gnoll sergeant hits you from afar with the +8 trident "Fedufor" {venom, rF+ rC+ Will+ Str+3 Stlth-}!
You are more poisoned.
The gnoll struggles against the net.
You feel very sick.
You block the gnoll sergeant's attack. x2
The gnoll hits you with a +2 spear of venom.
You are lethally poisoned!
The gnoll hits you from afar with a +2 halberd of venom!
* * * LOW HITPOINT WARNING * * *
You are more poisoned.
The gnoll sergeant hits you from afar with the +8 trident "Fedufor" {venom, rF+ rC+ Will+ Str+3 Stlth-}!
* * * LOW HITPOINT WARNING * * *
The gnoll struggles against the net.
Items here: )) / [ ÷ †.
* * * LOW HITPOINT WARNING * * *
You feel extremely sick. You block the gnoll sergeant's attack.
The gnoll hits you but does no damage.
You are more poisoned.
The gnoll struggles against the net.
You feel yourself speed up.
You die...

#..≈≈≈≈≈≈≈≈≈≈≈≈≈≈≈≈≈≈≈≈≈≈≈≈≈.
#..≈≈≈≈≈≈≈≈≈≈≈≈≈≈≈≈≈≈≈≈≈≈≈≈≈.
#..≈≈#####...........#####≈≈.
#..≈≈#.8.#.###.©.###.#.8.#≈≈.
#..≈≈#...###©#####.###...#≈≈.
#..≈≈###...............###≈≈.
#..≈≈.8#.##'###'######.#8.≈≈.
#..≈≈.##.#..g#gg8#...#.##.≈≈.
#..≈≈.#..'..@)g©⌠#:..'g.#.≈≈.
#..≈≈.##.#..g#gg8#[..#.##.≈≈.
#..≈≈.8#.##'###'######.#8.≈≈.
#..≈≈###...............###≈≈.
#..≈≈#...###.#####.###g..#≈≈.
##.≈≈#.8.#.###.©.###.#.8g#≈≈.
#.≈≈#####...........#####≈≈.
#.≈≈≈≈≈≈≈≈≈≈≈...≈≈≈≈≈≈≈≈≈≈≈.
#.≈≈≈≈≈≈≈≈≈≈≈...≈≈≈≈≈≈≈≈≈≈≈.


You could see 3 gnoll sergeants and 4 gnolls.

Vanquished Creatures
  The ghost of 0gre the Conjurer, a novice GnCj (D:5)
  Grinder (D:5)
  Duvessa (D:4)
  A water moccasin (D:4)
  2 black bears
  Purgy (Sewer)
  A necrophage (D:4)
  Blork the orc (D:4)
  2 bullfrogs (D:4)
  A scorpion (D:5)
  Dowan (D:4)
  2 bullfrog zombies
  A centaur skeleton (D:5)
  A bullfrog skeleton (D:5)
  An orc priest (D:5)
  A gnoll shaman (D:5)
  A hound (D:4)
  Jessica (D:2)
  2 iguanas (D:4)
  3 orc wizards
  A hound skeleton (D:5)
  7 adders
  6 gnolls (D:5)
  2 river rats (D:3)
  A white imp (D:5)
  2 worms
  3 dart slugs
  10 orcs
  3 bats
  10 endoplasms
  5 giant cockroaches
  2 goblins (D:3)
  4 hobgoblins
  4 jackals
  A quokka (D:3)
  11 ball pythons
  7 frilled lizards
  7 kobolds
  6 rats
118 creatures vanquished.

Vanquished Creatures (others)
  6 plants (D:5)
6 creatures vanquished.

Grand Total: 124 creatures vanquished

Notes
Turn   | Place    | Note
-------+----------+-------------------------------------------
     0 | D:1      | boopmooplesden the Minotaur Fighter began the quest for the
                  | Orb.
     0 | D:1      | Reached XP level 1. HP: 19/19 MP: 0/0
   357 | D:1      | Found a faded altar of an unknown god.
  1163 | D:2      | Reached XP level 2. HP: 26/27 MP: 1/1
  1229 | D:2      | Reached skill level 3 in Long Blades
  1436 | D:2      | Noticed Jessica
  1439 | D:2      | Killed Jessica
  1440 | D:2      | Reached XP level 3. HP: 33/33 MP: 2/2
  1920 | D:3      | Reached XP level 4. HP: 39/40 MP: 3/3
  2148 | D:3      | Reached skill level 1 in Dodging
  2183 | D:3      | Found a glowing drain.
  2187 | Sewer    | Entered a sewer
  2293 | Sewer    | Noticed Purgy
  2300 | Sewer    | Killed Purgy
  2301 | Sewer    | Reached skill level 4 in Long Blades
  2301 | Sewer    | Reached XP level 5. HP: 46/47 MP: 4/4
  2459 | D:3      | Reached skill level 5 in Armour
  2523 | D:3      | Reached XP level 6. HP: 23/53 MP: 5/5
  3233 | D:4      | Reached skill level 5 in Long Blades
  3233 | D:4      | Reached skill level 5 in Shields
  3237 | D:4      | Found a staircase to the Ecumenical Temple.
  3243 | D:4      | Noticed Dowan
  3244 | D:4      | Noticed Duvessa
  3258 | D:4      | Killed Dowan
  3448 | D:4      | Noticed a water moccasin
  3457 | D:4      | Killed a water moccasin
  3458 | D:4      | Reached XP level 7. HP: 49/60 MP: 6/6
  3464 | D:4      | Reached skill level 6 in Long Blades
  3525 | D:4      | Reached skill level 5 in Fighting
  3683 | D:4      | Noticed Blork the orc
  3691 | D:4      | Killed Blork the orc
  3904 | D:4      | Killed Duvessa
  3905 | D:4      | Reached skill level 7 in Long Blades
  3905 | D:4      | Reached XP level 8. HP: 35/69 MP: 7/7
  4166 | D:4      | Identified a scroll of acquirement
  4166 | D:4      | Acquired the +0 buckler of Wisdom {rElec rF+}
  4194 | D:5      | Entered Level 5 of the Dungeon
  4217 | Temple   | Entered the Ecumenical Temple
  4225 | Temple   | Became a worshipper of Hepliaklqana the Forgotten
  4327 | D:5      | Noticed Grinder
  4338 | D:5      | Paralysed by Grinder for 4 turns
  4350 | D:5      | Killed Grinder
  4490 | D:5      | Reached skill level 8 in Long Blades
  4516 | D:5      | Found a transporter.
  4671 | D:5      | Noticed 0gre's ghost (novice GnCj)
  4688 | D:5      | Found a transporter.
  4693 | D:5      | Identified the ring of the Snail {EV+4 Slay+5}
  4694 | D:5      | Identified the +8 trident "Fedufor" {venom, rF+ rC+ Will+
                  | Str+3 Stlth-}
  4930 | D:5      | Killed 0gre's ghost
  4931 | D:5      | Reached skill level 9 in Long Blades
  4931 | D:5      | Reached XP level 9. HP: 10/78 MP: 8/8
  5287 | D:5      | HP: 2/78 [poisoned by a gnoll]
  5288 | D:5      | Succumbed to a gnoll's poison

Illustrated notes

Levels and vault maps discovered:
D:1:      ebering_trefoil_twist, layout_loops_ring,
          dreamdust_ecumenical_altar_grove, minmay_liquid_box,
          chequers_arboretum, serial_bayou_crossing
D:2:      layout_basic, uniq_jessica
D:3:      layout_loops_ring, gup_sewer_entry_bowl, minmay_misc_feat_ornament
D:4:      minmay_clustersquares, layout_loops_ring,
          minmay_temple_entry_large_hall, uniq_duvessa, uniq_blork_the_orc
D:5:      layout_basic, gammafunk_ghost_gnarly_gnolls, uniq_grinder
Temple:   nicolae_temple_the_god_donut

Skill      XL: |  1  2  3  4  5  6  7  8 |
---------------+-------------------------+-----
Fighting       | 4 5 6 |  6.5
Long Blades    | 3 4 5 7 9 |  9.0
Armour         | 4 5 6 7 |  7.6
Shields        | 4 5 6 |  6.8
Dodging        | 1 2 3 |  3.5
Stealth        | |  0.5

Action                   |  1- 3 |  4- 6 |  7- 9 || total
-------------------------+-------+-------+-------++-------
Melee: Long sword        |    49 |   144 |   149 ||   342
       Headbutt          |     6 |    16 |    28 ||    50
  Use: Scroll            |     4 |     5 |     3 ||    12
       Potion            |       |     6 |     6 ||    12
Armor: Scale mail        |    15 |    64 |     9 ||    88
       Ice dragon scales |       |       |    52 ||    52
Dodge: Dodged            |    12 |    51 |    65 ||   128
Block: Kite shield       |    20 |    85 |    39 ||   144
       Buckler           |       |       |    52 ||    52
       Reflection        |       |       |     1 ||     1
       Rpst.: Long sword |     5 |    17 |    17 ||    39
